 Dungeon Crawl Stone Soup version 0.23.0 (webtiles) character file.

Game seed: 2111376507763876204

2914 TheGoonsmith the Cleaver (level 10, -5/72 (73) HPs)
             Began as a Formicid Fighter on Feb 9, 2019.
             Was a Believer of Uskayaw.
             Slain by a death yak (23 damage)
             ... on level 8 of the Dungeon.
             The game lasted 00:20:38 (10305 turns).

TheGoonsmith the Cleaver (Formicid Fighter)        Turns: 10305, Time: 00:20:39

HP:   -5/72 (73)    AC: 14    Str: 26    XL:     10   Next: 6%
MP:   11/11         EV:  9    Int:  8    God:    Uskayaw [**....]
Gold: 453           SH: 11    Dex:  7    Spells: 9/9 levels left

rFire    . . .     SeeInvis +   a - +1 war axe
rCold    . . .     Gourm    .   c - +0 shield
rNeg     + . .     Faith    .   d - +0 plate armour
rPois    .         Spirit   .   (helmet unavailable)
rElec    +         Reflect  .   q - +0 cloak
rCorr    .         Harm     .   (no gloves)
MR       +....                  x - +0 pair of boots
Stlth    ..........             K - amulet "Zefawk" {rElec rN+ Regen+ Dex-4 Slay+6}
HPRegen  0.62/turn              G - +2 ring of evasion
MPRegen  0.12/turn              M - +3 ring of strength

@: no status effects
A: permanent stasis, dig shafts and tunnels, four strong arms, antennae 3
a: Dig, Shaft Self, Stomp, Line Pass, Renounce Religion


You were on level 8 of the Dungeon.
You worshipped Uskayaw.
Uskayaw was noncommittal.
You were not hungry.

You visited 2 branches of the dungeon, and saw 10 of its levels.
You also visited: Sewer and Ossuary.

You collected 453 gold pieces.

Inventory:

Hand Weapons
 a - a +1 war axe (weapon)
 b - a +0 hunting sling
Missiles
 r - 7 needles of confusion
 v - 105 sling bullets
 w - 209 stones (quivered)
 A - 52 poisoned needles
 E - 48 bolts
Armour
 c - a +0 shield (worn)
 d - a +0 plate armour (worn)
 j - a +0 cloak
 q - a +0 cloak (worn)
 u - a +0 scale mail
 x - a +0 pair of boots (worn)
 y - a +0 chain mail
Jewellery
 m - an uncursed ring of wizardry
 s - an uncursed ring of resist corrosion
 D - an uncursed amulet of the acrobat {unknown}
 G - a +2 ring of evasion (left hand)
 K - the amulet "Zefawk" (around neck) {rElec rN+ Regen+ Dex-4 Slay+6}
   (You found it on level 8 of the Dungeon)

   [amulet of regeneration]

   It affects your dexterity (-4).
   It affects your accuracy and damage with ranged weapons and melee attacks
   (+6).
   It insulates you from electricity.
   It protects you from negative energy.
   It increases your rate of regeneration.
 M - a +3 ring of strength (right hand)
Wands
 B - a wand of scattershot (11)
 F - a wand of digging (6)
 J - a wand of enslavement (13)
Scrolls
 e - 6 scrolls of remove curse
 n - a scroll of fear
 o - 3 scrolls of immolation
Potions
 g - 7 potions of curing
 h - a potion of cancellation
 i - 6 potions of mutation
 k - 5 potions of flight
 l - a potion of agility
 p - 4 potions of brilliance
 t - a potion of heal wounds
 z - a potion of might
 L - a potion of lignification
Comestibles
 f - 14 rations
 H - 2 chunks of flesh


   Skills:
 + Level 4.6 Fighting
 - Level 10.0 Axes
 - Level 5.0 Armour
 - Level 9.1 Shields
 + Level 2.3 Invocations
 + Level 2.1 Evocations


You had 9 spell levels left.
You didn't know any spells.
Your spell library was empty.

Dungeon Overview and Level Annotations

Branches:
Dungeon (9/15)             Temple (1/1) D:6
   Lair: D:8-11         Orc: D:9-12

Altars:
Ashenzari
Cheibriados
Dithmenos
Elyvilon
Fedhas
Gozag
Hepliaklqana
Kikubaaqudgha
Makhleb
Nemelex Xobeh
Okawaru
Qazlal
Ru
Sif Muna
Trog
Uskayaw
Vehumet
Wu Jian
Xom
Yredelemnul
Zin
The Shining One

Shops:
D:5 *


Innate Abilities, Weirdness & Mutations

You cannot be hasted, slowed, berserked, paralysed or teleported.
You can dig through walls and to a lower floor.
Your four strong arms can wield two-handed weapons with a shield.
You have a pair of large antennae on your head. (SInv)


Message History

The death yak is severely wounded.
You block the death yak's attack.
You can now pass through a line of other dancers.
You hit the death yak but do no damage.
The death yak is severely wounded.
The death yak gores you!
* * * LOW HITPOINT WARNING * * *
You hit the death yak but do no damage.
The death yak is severely wounded.
You block the death yak's attack.
You hit the death yak but do no damage.
The death yak is severely wounded.
You block the death yak's attack.
You slash the death yak!
The death yak is severely wounded.
You block the death yak's attack.
You slash the death yak!
The death yak is almost dead.
The death yak gores you!!
You die...

## #.....# #.# .## ##.....# #.#
#### ..#####......# #.# ##..###
.............# #.###..#..##
...#.........# ##.##..####.##
..##......[..## #..#..## ##.#
..#...........####....## ###
..#............##.....##
.##.............@Y##...##
##...............#####..#######
................## ##...#...#
...............## ##.....##
....##..........# ##..###
...###..........## #..# ...#
#...........## #..##### ..##
#............## ##..##..# <>#
##.............#####......##


You could see a death yak.

Vanquished Creatures
  A hornet (D:9)
  Grinder (D:5)
  A spriggan (D:9)
  2 steam dragons (D:8)
  2 orc warriors
  An ice beast (D:6)
  A necrophage (D:8)
  A centaur (D:9)
  An ogre (D:8)
  Blork the orc (D:5)
  A big kobold (Sewer)
  3 scorpions
  A water moccasin skeleton (D:7)
  3 howler monkeys
  2 crimson imps (D:6)
  2 centaur zombies (Ossuary)
  3 hounds
  2 human zombies (Ossuary)
  Crazy Yiuf (D:2)
  A bullfrog skeleton (D:6)
  5 orc priests
  A centaur skeleton (D:7)
  5 orc wizards
  3 worker ants
  A killer bee zombie (D:7)
  A hound skeleton (D:4)
  3 mummies (Ossuary)
  2 worker ant zombies
  6 gnolls
  7 adders
  An ooze (D:3)
  An adder zombie (D:5)
  An adder skeleton (D:4)
  4 worms
  5 dart slugs
  5 leopard geckos
  27 orcs
  11 ball pythons
  9 giant cockroaches
  11 goblins
  10 hobgoblins
  6 jackals
  2 quokkas (D:3)
  13 bats
  10 frilled lizards
  3 gnoll zombies
  2 goblin zombies (Ossuary)
  A jackal skeleton (D:6)
  20 kobolds
  2 leopard gecko zombies
  An orc zombie (Ossuary)
  A quokka zombie (D:5)
  10 rats
221 creatures vanquished.

Vanquished Creatures (others)
  An adder (D:5)
1 creature vanquished.

Grand Total: 222 creatures vanquished

Notes
Turn   | Place    | Note
-------+----------+-------------------------------------------
     0 | D:1      | TheGoonsmith the Formicid Fighter began the quest for the
                  | Orb.
     0 | D:1      | Reached XP level 1. HP: 18/18 MP: 1/1
   153 | D:1      | Reached XP level 2. HP: 19/24 MP: 2/2
   401 | D:1      | Reached XP level 3. HP: 28/29 MP: 3/3
   846 | D:2      | Reached XP level 4. HP: 37/37 MP: 4/4
   853 | D:2      | Reached skill level 3 in Axes
  1055 | D:2      | Found a runed translucent door.
  1056 | D:2      | Noticed Crazy Yiuf
  1244 | D:2      | Noticed a moth of wrath
  1247 | D:2      | Found a bloodstained altar of Trog.
  1439 | D:2      | Killed Crazy Yiuf
  1439 | D:2      | Reached XP level 5. HP: 41/42 MP: 5/5
  2477 | D:3      | Reached skill level 4 in Axes
  3031 | D:4      | Reached XP level 6. HP: 48/48 MP: 6/6
  3325 | D:4      | Found a shadowy altar of Dithmenos.
  3374 | D:4      | Found a radiant altar of Vehumet.
  3395 | D:4      | Reached skill level 5 in Shields
  3681 | D:4      | Reached XP level 7. HP: 24/54 MP: 7/7
  4034 | D:4      | Found a basalt altar of Yredelemnul.
  4409 | D:4      | Reached skill level 5 in Axes
  4444 | D:4      | Reached skill level 5 in Armour
  4471 | D:5      | Entered Level 5 of the Dungeon
  4522 | D:5      | Found Jeiniut's Assorted Antiques.
  4528 | D:5      | Noticed Blork the orc
  4562 | D:5      | Killed Blork the orc
  4679 | D:5      | Found a glowing drain.
  4688 | Sewer    | Entered a sewer
  5242 | D:5      | Noticed Grinder
  5255 | D:5      | Killed Grinder
  5255 | D:5      | Reached skill level 6 in Axes
  5255 | D:5      | Reached XP level 8. HP: 43/60 MP: 8/8
  5704 | D:5      | Found a burning altar of Makhleb.
  5801 | D:5      | Found a sparkling altar of Nemelex Xobeh.
  6025 | D:6      | Found a staircase to the Ecumenical Temple.
  6035 | Temple   | Entered the Ecumenical Temple
  6199 | Temple   | Became a worshipper of Uskayaw the Reveler
  6244 | D:6      | Reached * piety under Uskayaw
  6247 | D:6      | Reached ** piety under Uskayaw
  6252 | D:6      | Reached *** piety under Uskayaw
  6285 | D:6      | Reached skill level 7 in Axes
  6715 | D:6      | Found a sacrificial altar of Ru.
  7620 | D:7      | Reached skill level 8 in Axes
  7840 | D:7      | Found a stormy altar of Qazlal.
  7897 | D:7      | Reached XP level 9. HP: 61/65 MP: 9/9
  8573 | D:8      | HP: 3/65 [steam dragon/ball of steam (13)]
  8579 | D:8      | Reached skill level 9 in Axes
  8615 | D:8      | Found a sand-covered staircase.
  8616 | D:8      | Found a glowing silver altar of Zin.
  8733 | Ossuary  | Entered an ossuary
  9651 | D:8      | Got a shimmering steel amulet
  9944 | D:9      | Identified the amulet "Zefawk" {rElec rN+ Regen+ Dex-4
                  | Slay+6} (You found it on level 8 of the Dungeon)
 10101 | D:9      | Reached skill level 10 in Axes
 10164 | D:9      | Reached skill level 1 in Invocations
 10164 | D:9      | Reached skill level 1 in Evocations
 10210 | D:9      | Noticed a hornet
 10222 | D:9      | Killed a hornet
 10222 | D:9      | Reached XP level 10. HP: 63/72 MP: 9/11
 10249 | D:9      | Noticed a death yak
 10249 | D:9      | Noticed a death yak
 10249 | D:9      | Noticed a death yak
 10305 | D:8      | Slain by a death yak

Skill      XL: |  1  2  3  4  5  6  7  8  9 |
---------------+----------------------------+-----
Shields        | 4 5 6 7 9 |  9.1
Axes           | 3 4 6 8 10 | 10.0
Fighting       | 4 |  4.6
Armour         | 4 5 |  5.0
Invocations    | 2 |  2.3
Evocations     | 2 |  2.1

Action                   |  1- 3 |  4- 6 |  7- 9 | 10-12 || total
-------------------------+-------+-------+-------+-------++-------
Melee: War axe           |    82 |   223 |   471 |    19 ||   795
 Fire: Hunting sling     |       |     2 |    11 |       ||    13
Invok: Stomp             |       |       |     1 |       ||     1
 Abil: Dig               |       |       |     2 |       ||     2
  Use: Potion            |       |     1 |     6 |       ||     7
       Scroll            |       |       |    22 |     1 ||    23
 Stab: Invisible         |       |       |     4 |       ||     4
       Paralysed         |       |       |     7 |       ||     7
  Eat: Chunk             |       |     6 |    12 |       ||    18
       Ration            |       |     1 |     3 |       ||     4
Armor: Scale mail        |    58 |    77 |       |       ||   135
       Chain mail        |       |    28 |     8 |       ||    36
       Plate armour      |       |       |   220 |     2 ||   222
Dodge: Dodged            |    30 |    74 |   114 |     1 ||   219
Block: Shield            |    42 |   143 |   277 |    13 ||   475
